PAAA
BALTIMORE BLACK SOX @ BAKERSFIELD NOBLES
09/15/2034
 
TOP OF THE 1ST
Baltimore Black Sox batting - Pitching for Bakersfield Nobles : RHP Zion DeBose
Pitching: RHP Zion DeBose
Batting: RHB Raúl Cicerón 0-0: Called Strike
0-1: Foul Ball, location: 2F
0-2: Strikes out swinging
Batting: RHB Armando Alvarado 0-0: Foul Ball, location: 2F
0-1: Called Strike
0-2: Ball
1-2: Fly out, F7 (Flyball, 7S)
Batting: RHB Daniel Bertrand 0-0: Ball
1-0: SINGLE (Groundball, 4MD)
Batting: LHB Henry Madore 0-0: Ball
Daniel Bertrand steals 2nd base
1-0: Called Strike
1-1: Ball
2-1: Foul Ball, location: 2F
2-2: Ball
3-2: Ground out 6-3 (Groundball, 6)
Top of the 1st over - 0 runs, 1 hit, 0 errors, 1 left on base; Baltimore 0 - Bakersfield 0
BOTTOM OF THE 1ST
Bakersfield Nobles batting - Pitching for Baltimore Black Sox : RHP Luis Hernández
Pitching: RHP Luis Hernández
Batting: SHB Serious Lee 0-0: SINGLE (Line Drive, 9S)
Batting: RHB Pedro Hernández 0-0: Foul Ball, location: 2F
0-1: Called Strike
0-2: Foul Ball, location: 2F
0-2: Ball
1-2: Ball
2-2: Fly out, F8 (Flyball, 8LS)
Batting: LHB Jesús Reyes 0-0: Foul Ball, location: 2F
0-1: Ball
1-1: Ball
2-1: Ball
3-1: 2-RUN HOME RUN (Flyball, 7LD), Distance : 337 ft
Batting: RHB Omer Yurtseven 0-0: Fly out, F8 (Flyball, 8RD)
Batting: SHB Jorge Velázquez 0-0: SINGLE (Line Drive, 4MD)
Batting: LHB Hideki Hisanobu 0-0: Ball
1-0: Called Strike
1-1: Ball
2-1: Swinging Strike
2-2: Ball
3-2: Base on Balls
Jorge Velázquez to second
Batting: RHB Bartolo Morales 0-0: Called Strike
0-1: Ball
1-1: Swinging Strike
1-2: Ball
2-2: Ball
3-2: Foul Ball, location: 2F
3-2: Strikes out swinging
Bottom of the 1st over - 2 runs, 3 hits, 0 errors, 2 left on base; Baltimore 0 - Bakersfield 2
TOP OF THE 2ND
Baltimore Black Sox batting - Pitching for Bakersfield Nobles : RHP Zion DeBose
Batting: LHB Luis Aranda 0-0: Swinging Strike
0-1: Ball
1-1: Ball
2-1: Foul Ball, location: 2F
2-2: Ball
3-2: Ground out U3 (Groundball, 3)
Batting: SHB Alex Mable 0-0: Ground out 5-3 (Groundball, 56)
Batting: RHB Lee Storment 0-0: Foul Ball, location: 2F
0-1: Foul Ball, location: 2F
0-2: Ball
1-2: Ball
2-2: Ground out 5-3 (Groundball, 5)
Top of the 2nd over - 0 runs, 0 hits, 0 errors, 0 left on base; Baltimore 0 - Bakersfield 2
BOTTOM OF THE 2ND
Bakersfield Nobles batting - Pitching for Baltimore Black Sox : RHP Luis Hernández
Batting: RHB Terry John 0-0: Called Strike
0-1: Ball
1-1: Fly out, F7 (Flyball, 7S)
Batting: RHB Juan Dávila 0-0: Called Strike
0-1: Ground out 6-3 (Groundball, 6)
Batting: SHB Serious Lee 0-0: Ball
1-0: Called Strike
1-1: Foul Ball, location: 2F
1-2: Ball
2-2: Ball
3-2: Foul Ball, location: 2F
3-2: Strikes out looking
Bottom of the 2nd over - 0 runs, 0 hits, 0 errors, 0 left on base; Baltimore 0 - Bakersfield 2
TOP OF THE 3RD
Baltimore Black Sox batting - Pitching for Bakersfield Nobles : RHP Zion DeBose
Batting: LHB Marcos Costa 0-0: Fly out, F8 (Flyball, 78D)
Batting: RHB Edward Payne 0-0: Called Strike
0-1: Ball
1-1: Foul Ball, location: 2F
1-2: Ball
2-2: SINGLE (Flyball, 9S)
Batting: RHB Raúl Cicerón 0-0: Foul Ball, location: 2F
0-1: Ball
1-1: Ball
2-1: Grounds into double play, 6-4-3 (Groundball, 6)
Top of the 3rd over - 0 runs, 1 hit, 0 errors, 0 left on base; Baltimore 0 - Bakersfield 2
BOTTOM OF THE 3RD
Bakersfield Nobles batting - Pitching for Baltimore Black Sox : RHP Luis Hernández
Batting: RHB Pedro Hernández 0-0: Ball
1-0: Called Strike
1-1: TRIPLE (Flyball, 7D)
Pinch Runner at 3rd Shohei Kiyomizu:
Batting: LHB Jesús Reyes 0-0: Ball
1-0: Called Strike
1-1: Ball
2-1: Ball
3-1: Base on Balls
Batting: RHB Omer Yurtseven 0-0: Called Strike
0-1: Ball
1-1: Ground out 3-1 (Groundball, 34S)
Shohei Kiyomizu scores
Jesús Reyes to second
Batting: SHB Jorge Velázquez 0-0: Fly out, F7 (Flyball, 7LSF)
Batting: LHB Hideki Hisanobu 0-0: Ball
1-0: Ball
2-0: Foul Ball, location: 2F
2-1: Foul Ball, location: 2F
2-2: Ball
3-2: 2-RUN HOME RUN (Line Drive, 89XD), Distance : 402 ft
Batting: RHB Bartolo Morales 0-0: Ball
1-0: Called Strike
1-1: Ball
2-1: Fly out, F7 (Line Drive, 7S)
Bottom of the 3rd over - 3 runs, 2 hits, 0 errors, 0 left on base; Baltimore 0 - Bakersfield 5
TOP OF THE 4TH
Baltimore Black Sox batting - Pitching for Bakersfield Nobles : RHP Zion DeBose
Now in RF: Shohei Kiyomizu
Batting: RHB Armando Alvarado 0-0: Called Strike
0-1: Swinging Strike
0-2: Strikes out swinging, 2-3 out at first.
Batting: RHB Daniel Bertrand 0-0: Called Strike
0-1: Ball
1-1: Foul Ball, location: 2F
1-2: Foul Ball, location: 2F
1-2: Ball
2-2: Strikes out swinging
Batting: LHB Henry Madore 0-0: Ground out U3 (Groundball, 3)
Top of the 4th over - 0 runs, 0 hits, 0 errors, 0 left on base; Baltimore 0 - Bakersfield 5
BOTTOM OF THE 4TH
Bakersfield Nobles batting - Pitching for Baltimore Black Sox : RHP Luis Hernández
Batting: RHB Terry John 0-0: Ball
1-0: Fly out, F8 (Flyball, 89D)
Batting: RHB Juan Dávila 0-0: Fly out, F6 (Line Drive, 6)
Batting: SHB Serious Lee 0-0: Ball
1-0: Foul Ball, location: 2F
1-1: Foul Ball, location: 2F
1-2: Ball
2-2: Foul Ball, location: 2F
2-2: Foul Ball, location: 2F
2-2: Ball
3-2: Base on Balls
Batting: RHB Shohei Kiyomizu 0-0: Called Strike
0-1: Ground out 4-3 (Groundball, 34)
Bottom of the 4th over - 0 runs, 0 hits, 0 errors, 1 left on base; Baltimore 0 - Bakersfield 5
TOP OF THE 5TH
Baltimore Black Sox batting - Pitching for Bakersfield Nobles : RHP Zion DeBose
Batting: LHB Luis Aranda 0-0: Ball
1-0: Foul Ball, location: 2F
1-1: Called Strike
1-2: Strikes out looking
Batting: SHB Alex Mable 0-0: Called Strike
0-1: Foul Ball, location: 2F
0-2: Strikes out looking
Batting: RHB Lee Storment 0-0: Ground out 5-3 (Groundball, 5L)
Top of the 5th over - 0 runs, 0 hits, 0 errors, 0 left on base; Baltimore 0 - Bakersfield 5
BOTTOM OF THE 5TH
Bakersfield Nobles batting - Pitching for Baltimore Black Sox : RHP Luis Hernández
Batting: LHB Jesús Reyes 0-0: Foul Ball, location: 2F
0-1: Ball
1-1: Called Strike
1-2: Ground out U3 (Groundball, 3)
Batting: RHB Omer Yurtseven 0-0: Called Strike
0-1: Foul Ball, location: 2F
0-2: Foul Ball, location: 2F
0-2: Foul Ball, location: 2F
0-2: Ball
1-2: Ground out 5-3 (Groundball, 56)
Batting: SHB Jorge Velázquez 0-0: Ball
1-0: Called Strike
1-1: SINGLE (Groundball, 34D)
Batting: LHB Hideki Hisanobu 0-0: Foul Ball, location: 2F
0-1: Ball
1-1: SINGLE (Groundball, 34D)
Jorge Velázquez to second
Jorge Velázquez to third
Batting: RHB Bartolo Morales 0-0: Ball
1-0: Ground out 1-3 (Groundball, 13S)
Bottom of the 5th over - 0 runs, 2 hits, 0 errors, 2 left on base; Baltimore 0 - Bakersfield 5
TOP OF THE 6TH
Baltimore Black Sox batting - Pitching for Bakersfield Nobles : RHP Zion DeBose
Batting: LHB Marcos Costa 0-0: Swinging Strike
0-1: Ball
1-1: Swinging Strike
1-2: Strikes out swinging
Batting: RHB Edward Payne 0-0: Fly out, F9 (Line Drive, 9D)
Batting: RHB Raúl Cicerón 0-0: Ball
1-0: Swinging Strike
1-1: Called Strike
1-2: Ground out 6-3 (Groundball, 56)
Top of the 6th over - 0 runs, 0 hits, 0 errors, 0 left on base; Baltimore 0 - Bakersfield 5
BOTTOM OF THE 6TH
Bakersfield Nobles batting - Pitching for Baltimore Black Sox : RHP Luis Hernández
Pitching: RHP Plinio Pedrulho
Batting: RHB Terry John 0-0: Ball
1-0: Ball
2-0: Swinging Strike
2-1: Swinging Strike
2-2: Strikes out swinging
Batting: RHB Juan Dávila 0-0: Ball
1-0: Fly out, F9 (Flyball, 9S)
Batting: SHB Serious Lee 0-0: Called Strike
0-1: Called Strike
0-2: Ball
1-2: Foul Ball, location: 2F
1-2: Ball
2-2: Ball
3-2: Strikes out swinging, 2-3 out at first.
Bottom of the 6th over - 0 runs, 0 hits, 0 errors, 0 left on base; Baltimore 0 - Bakersfield 5
TOP OF THE 7TH
Baltimore Black Sox batting - Pitching for Bakersfield Nobles : RHP Zion DeBose
Batting: RHB Armando Alvarado 0-0: Ball
1-0: Ball
2-0: Ground out 5-3 (Groundball, 25)
Batting: RHB Daniel Bertrand 0-0: Ball
1-0: Ball
2-0: Foul Ball, location: 2F
2-1: Fly out, F7 (Flyball, 78D)
Batting: LHB Henry Madore 0-0: Ball
1-0: Ball
2-0: Ground out 6-3 (Groundball, 6)
Top of the 7th over - 0 runs, 0 hits, 0 errors, 0 left on base; Baltimore 0 - Bakersfield 5
BOTTOM OF THE 7TH
Bakersfield Nobles batting - Pitching for Baltimore Black Sox : RHP Plinio Pedrulho
Batting: RHB Shohei Kiyomizu 0-0: Called Strike
0-1: Ball
1-1: Ball
2-1: Foul Ball, location: 2F
2-2: Foul Ball, location: 2F
2-2: Ball
3-2: Fly out, F4 (Line Drive, 4M)
Batting: LHB Jesús Reyes 0-0: Ball
1-0: Called Strike
1-1: Foul Ball, location: 2F
1-2: Foul Ball, location: 2F
1-2: Ball
2-2: Foul Ball, location: 2F
2-2: SINGLE (Groundball, 34D)
Batting: RHB Omer Yurtseven 0-0: Foul Ball, location: 2F
0-1: Ball
1-1: Ball
2-1: Foul Ball, location: 2F
2-2: Foul Ball, location: 2F
2-2: Ball
3-2: Base on Balls
Jesús Reyes to second
Batting: SHB Jorge Velázquez 0-0: Ball
1-0: Ball
2-0: Ball
3-0: Called Strike
3-1: Base on Balls
Jesús Reyes to third
Omer Yurtseven to second
Batting: LHB Hideki Hisanobu 0-0: Called Strike
0-1: Ball
1-1: Foul Ball, location: 2F
1-2: Ball
2-2: Ball
3-2: Base on Balls
Jesús Reyes scores
Omer Yurtseven to third
Jorge Velázquez to second
Batting: RHB Bartolo Morales 0-0: Ball
1-0: Swinging Strike
1-1: Ball
2-1: Foul Ball, location: 2F
2-2: Ball
3-2: Base on Balls
Omer Yurtseven scores
Jorge Velázquez to third
Hideki Hisanobu to second
Batting: RHB Terry John 0-0: Ball
1-0: Foul Ball, location: 2F
1-1: Foul Ball, location: 2F
1-2: Foul Ball, location: 2F
1-2: Grounds into double play, 6-4-3 (Groundball, 6)
Bottom of the 7th over - 2 runs, 1 hit, 0 errors, 2 left on base; Baltimore 0 - Bakersfield 7
TOP OF THE 8TH
Baltimore Black Sox batting - Pitching for Bakersfield Nobles : RHP Zion DeBose
Batting: LHB Luis Aranda 0-0: Called Strike
0-1: Swinging Strike
0-2: Foul Ball, location: 2F
0-2: Strikes out swinging, 2-3 out at first.
Batting: SHB Alex Mable 0-0: Foul Ball, location: 2F
0-1: Called Strike
0-2: Ground out 5-3 (Groundball, 56S)
Batting: RHB Lee Storment 0-0: Ball
1-0: Ball
2-0: Called Strike
2-1: Ground out 6-3 (Groundball, 6)
Top of the 8th over - 0 runs, 0 hits, 0 errors, 0 left on base; Baltimore 0 - Bakersfield 7
BOTTOM OF THE 8TH
Bakersfield Nobles batting - Pitching for Baltimore Black Sox : RHP Plinio Pedrulho
Batting: RHB Juan Dávila 0-0: Ball
1-0: Ground out 6-3 (Groundball, 56)
Batting: SHB Serious Lee 0-0: Ball
1-0: Ground out 4-3 (Groundball, 4)
Batting: RHB Shohei Kiyomizu 0-0: Foul Ball, location: 2F
0-1: Ball
1-1: Swinging Strike
1-2: Strikes out swinging
Bottom of the 8th over - 0 runs, 0 hits, 0 errors, 0 left on base; Baltimore 0 - Bakersfield 7
TOP OF THE 9TH
Baltimore Black Sox batting - Pitching for Bakersfield Nobles : RHP Zion DeBose
Batting: LHB Marcos Costa 0-0: Called Strike
0-1: Foul Ball, location: 2F
0-2: Ball
1-2: Fly out, F9 (Flyball, 89D)
Batting: RHB Edward Payne 0-0: Called Strike
0-1: Swinging Strike
0-2: Strikes out swinging
Batting: RHB Raúl Cicerón 0-0: Ball
1-0: Fly out, F7 (Flyball, 7D)
Top of the 9th over - 0 runs, 0 hits, 0 errors, 0 left on base; Baltimore 0 - Bakersfield 7
Friday, March 29th, 2019 - OOTP Baseball 18.8 Build 76